Map: [ESL] Waterfall

Players

MeomaikA - Winner!

  • Race: Zerg Zerg
  • Spawn Location: 1:00

Probe

  • Race: Protoss Protoss
  • Spawn Location: 7:00

Event: DreamHack SC2 Masters 2022 Atlanta (Online)

VOD

Have the link to the VOD?

Description

Time

  • Played on: Oct. 2, 2022, 6:07 a.m.
  • Length: 9:42

All games in this series

Show
View Real Time Build Order
Export as new Build Order

MeomaikA Zerg - Winner!

Build Orders: Pool First 

Get SALT Encoding   

  12  0:00  Drone  
  13  0:12  Overlord  
  13  0:16  Drone  
  14  0:30  Drone x2  
  14  0:34  Drone  
  17  0:44  Spawning Pool  
  17  0:48  Drone  
  17  1:04  Drone  
  18  1:13  Hatchery  
  18  1:15  Drone, Extractor  
  17  1:21  Drone  
  18  1:31  Queen  
  20  1:33  Zergling x2  
  20  1:39  Drone  
  22  1:49  Overlord  
  22  1:55  Roach Warren  
  21  2:04  Drone  
  21  2:08  Queen  
  24  2:34  Roach x3  
  24  2:35  Roach  
  24  2:36  Roach  
  33  2:39  Zergling x2  
  33  2:40  Zergling x2  
  33  2:43  Zergling x2  
  36  2:49  Overlord  
  36  3:08  Drone x4  
  36  3:09  Drone  
  36  3:10  Drone  
  36  3:12  Drone  
  43  3:15  Drone  
  44  3:21  Overlord  
  44  3:30  Overlord  
  43  3:40  Drone x2  
  45  3:41  Drone  
  45  3:42  Drone x2  
  45  3:43  Drone  
  45  3:44  Drone  
  49  3:50  Drone x2  
  49  3:53  Drone x2  
  53  4:00  Ravager  
  53  4:02  Drone x2  
  56  4:03  Drone  
  56  4:05  Drone  
  56  4:06  Drone  
  53  4:10  Ravager  
  53  4:12  Ravager  
  53  4:15  Ravager  
  56  4:17  Extractor, Overlord  
  56  4:18  Drone  
  56  4:19  Extractor  
  55  4:24  Drone  
  55  4:29  Queen, Overlord  
  55  4:30  Queen  
  60  4:32  Overlord  
  60  4:34  Drone  
  60  4:35  Drone  
  53  4:50  Drone x5  
  53  4:51  Overlord  
  58  5:00  Evolution Chamber  
  58  5:01  Metabolic Boost  
  58  5:02  Evolution Chamber  
  58  5:05  Spore Crawler  
  58  5:06  Spore Crawler x2  
  58  5:07  Spore Crawler  
  52  5:14  Queen x2  
  52  5:19  Drone x2  
  58  5:24  Drone x2  
  60  5:30  Overlord  
  60  5:38  Zerg Melee Weapons Level 1  
  60  5:39  Spore Crawler  
  60  5:41  Zerg Missile Weapons Level 1  
  60  5:42  Drone x2  
  61  5:52  Zergling x8  
  61  5:53  Hatchery  
  61  5:54  Zergling x2  
  61  5:56  Drone  
  61  5:57  Drone  
  67  5:59  Drone x2  
  67  6:03  Overlord  
  69  6:07  Overlord  
  69  6:18  Drone  
  69  6:19  Drone x4  
  69  6:21  Drone x3  
  77  6:30  Overlord  
  77  6:31  Zergling x2, Hatchery  
  76  6:36  Lair  
  76  6:45  Overlord  
  74  6:59  Zergling x2  
  74  7:00  Zergling x14  
  80  7:01  Zergling x2  
  80  7:05  Zergling x2  
  80  7:06  Zergling x2  
  82  7:16  Zergling x10  
  82  7:17  Queen  
  82  7:18  Spore Crawler  
  82  7:22  Zergling x2  
  89  7:23  Zergling x2  
  89  7:26  Zergling x2  
  90  7:31  Extractor  
  90  7:32  Extractor  
  82  7:45  Zergling x2  
  82  7:46  Zergling x16  
  82  7:47  Spire  
  82  7:50  Drone x2  
  91  7:54  Queen  
  91  7:55  Drone  
  91  7:58  Drone x2  
  94  7:59  Overlord  
  94  8:05  Glial Reconstitution  
  93  8:07  Drone  
  93  8:08  Drone  
  95  8:19  Drone x5  
  101  8:20  Drone x5  
  101  8:21  Overlord  
  101  8:23  Overlord  
  101  8:25  Roach x2  
  101  8:26  Roach x2  
  113  8:27  Roach  
  113  8:31  Roach  
  113  8:32  Roach  
  112  8:36  Roach  
  112  8:38  Roach  
  112  8:39  Roach x2  
  113  8:58  Mutalisk x11  
  113  9:00  Overlord  
  133  9:10  Zergling x6  
  133  9:14  Overlord  
  133  9:15  Overlord x2  
  136  9:18  Zergling x4  
  136  9:19  Zergling x4  
  136  9:20  Zergling x2  
Show
View Real Time Build Order
Export as new Build Order

Probe Protoss 

Build Orders: 1 Gate Expand 

Get SALT Encoding   

  12  0:00  Probe  
  13  0:12  Probe  
  14  0:18  Pylon  
  14  0:25  Probe (Chrono Boost)  
  15  0:37  Probe (Chrono Boost)  
  15  0:38  Gateway  
  16  0:45  Probe (Chrono Boost)  
  16  0:48  Assimilator  
  17  0:51  Probe  
  18  1:03  Probe  
  19  1:18  Probe  
  20  1:19  Pylon  
  20  1:26  Cybernetics Core  
  20  1:41  Nexus  
  20  1:52  Probe  
  23  2:01  Adept (Chrono Boost), Assimilator  
  23  2:04  Probe  
  24  2:16  Probe  
  24  2:24  Adept  
  24  2:28  Probe  
  27  2:36  Stargate  
  27  2:40  Probe (Chrono Boost)  
  28  2:47  Warp Gate  
  29  2:52  Probe (Chrono Boost)  
  29  2:55  Probe (Chrono Boost)  
  31  3:00  Probe (Chrono Boost)  
  31  3:02  Probe (Chrono Boost)  
  32  3:07  Probe x2 (Chrono Boost)  
  34  3:14  Shield Battery  
  34  3:18  Probe, Pylon  
  34  3:19  Probe  
  36  3:26  Void Ray (Chrono Boost)  
  40  3:30  Pylon  
  40  3:34  Pylon  
  30  3:51  Probe x2  
  30  3:55  Pylon  
  31  4:03  Probe  
  31  4:07  Void Ray (Chrono Boost)  
  34  4:18  Probe  
  34  4:23  Probe  
  32  4:32  Probe  
  28  4:57  Probe (Chrono Boost)  
  28  4:58  Probe (Chrono Boost)  
  31  5:09  Probe (Chrono Boost)  
  31  5:11  Probe (Chrono Boost)  
  32  5:15  Probe (Chrono Boost)  
  32  5:19  Probe (Chrono Boost)  
  36  5:30  Probe x2 (Chrono Boost)  
  36  5:33  Robotics Facility  
  36  5:34  Probe (Chrono Boost)  
  36  5:36  Probe  
  36  5:42  Sentry  
  40  5:45  Probe  
  40  5:49  Probe  
  42  5:56  Gateway  
  42  5:57  Probe  
  47  6:08  Shield Battery, Void Ray  
  47  6:10  Probe (Chrono Boost)  
  49  6:11  Probe (Chrono Boost)  
  49  6:22  Probe (Chrono Boost)  
  49  6:25  Probe (Chrono Boost)  
  51  6:26  Observer  
  51  6:27  Probe (Chrono Boost)  
  51  6:30  Robotics Bay  
  51  6:31  Pylon  
  53  6:33  Probe  
  53  6:37  Probe  
  55  6:45  Probe  
  56  6:48  Assimilator  
  56  6:49  Probe, Pylon  
  56  6:51  Assimilator  
  56  6:54  Gateway  
  53  7:02  Probe  
  54  7:11  Probe  
  51  7:18  Zealot, Sentry  
  51  7:20  Colossus (Chrono Boost)  
  55  7:25  Nexus  
  55  7:27  Pylon  
  55  7:29  Probe  
  62  7:30  Probe  
  63  7:40  Adept  
  63  7:42  Probe  
  62  7:48  Gateway  
  62  7:50  Gateway  
  59  7:51  Gateway  
  59  7:56  Colossus (Chrono Boost), Gateway  
  59  7:59  Sentry  
  59  8:00  Sentry  
  69  8:06  Pylon  
  69  8:10  Gateway  
  69  8:16  Pylon  
  69  8:28  Pylon  
  65  8:35  Sentry  
  65  8:36  Sentry x2  
  65  8:37  Warp Prism (Chrono Boost)  
  65  8:49  Stalker  
  65  8:50  Zealot x3, Pylon  
  73  9:01  Zealot x2  
  73  9:02  Zealot  
  79  9:08  Pylon  
  76  9:27  Stalker x6  
  78  9:35  Zealot x2  
Tags
 
Add a new tag
Caveats
  • Supply blocks, unpowered buildings, or Contaminate may cause inaccurate times.
  • Supply counts are checked every 10 seconds.